 Dungeon Crawl Stone Soup version 0.28.0 (webtiles) character file.

Game seed: 7010256889892200454

984 hikkokomori the Skirmisher (level 8, -11/65 HPs)
             Began as a Formicid Fighter on Feb 10, 2022.
             Was an Initiate of Gozag.
             Mangled by an ogre (24 damage)
             ... on level 5 of the Dungeon.
             The game lasted 00:07:15 (5007 turns).

hikkokomori the Skirmisher (Formicid Fighter)       Turns: 5007, Time: 00:07:15

Health: -11/65     AC:  8    Str: 23    XL:     8   Next: 41%
Magic:  8/8        EV:  9    Int:  8    God:    Gozag
Gold:   680        SH:  4    Dex: 10    Spells: 7/7 levels left

rFire   + . .      SeeInvis +   a - +0 quarterstaff
rCold   . . .      Faith    .   c - +0 buckler
rNeg    . . .      Spirit   .   r - +1 scale mail {rF+}
rPois   .          Reflect  .   (helmet unavailable)
rElec   .          Harm     .   (no cloak)
rCorr   .          Rampage  .   (no gloves)
Will    .....                   (no boots)
Stlth   ..........              (no amulet)
HPRegen 0.20/turn               (no ring)
MPRegen 0.11/turn               (no ring)

@: no status effects
A: permanent stasis, dig shafts and tunnels, antennae 3, four strong arms
a: Dig, Shaft Self, Renounce Religion, Potion Petition, Call Merchant, Bribe
Branch


You were on level 5 of the Dungeon.
You worshipped Gozag.
Gozag was pleased with you.
You visited 1 branch of the dungeon, and saw 5 of its levels.

You collected 680 gold pieces.

Inventory:

Hand Weapons
 a - a +0 quarterstaff (weapon)
Missiles
 f - 13 poisoned darts
 j - 28 sling bullets
Armour
 b - a +0 scale mail
 c - a +0 buckler (worn)
 r - a +1 scale mail of fire resistance (worn)
Jewellery
 n - a ring of ice
Wands
 h - a wand of flame (14)
 l - a wand of iceblast (9)
 q - a wand of paralysis (6)
Scrolls
 g - 5 scrolls of teleportation
 i - a scroll of identify
 k - a scroll of fog {unknown}
 p - a scroll of vulnerability {unknown}
Potions
 d - a potion of might
 e - a potion of heal wounds {unknown}
 m - a potion of attraction
 o - a potion of magic


   Skills:
 + Level 6.7 Fighting
 + Level 5.5 Staves
 + Level 6.6 Armour
 - Level 3.7 Shields


You had 7 spell levels left.
You didn't know any spells.
Your spell library was empty.

Dungeon Overview and Level Annotations

Branches:
Dungeon (5/15)
 Temple: D:4-7

Altars:
Cheibriados
Gozag
Zin
The Shining One

Annotations:
D:4 1 runed translucent door, themarg's ghost, amateur MfSu


Innate Abilities, Weirdness & Mutations

You cannot be hasted, slowed, berserked, paralysed or teleported.
You can dig through walls and to a lower floor.
You have a pair of large antennae on your head. (SInv)
Your four strong arms can wield two-handed weapons with a shield.


Message History

You hit the centaur zombie but do no damage.
The centaur zombie is heavily damaged.
The centaur zombie hits you. The centaur zombie barely misses you.
You sock the centaur zombie!
The centaur zombie is severely damaged.
The centaur zombie hits you. The centaur zombie closely misses you.
You block the centaur zombie's attack. x2
You hit the centaur zombie.
The centaur zombie is severely damaged.
The centaur zombie hits you. The centaur zombie closely misses you.
You hit the centaur zombie.
The centaur zombie is severely damaged.
The centaur zombie hits you.
The centaur zombie kicks you but does no damage.
You sock the centaur zombie!
You destroy the centaur zombie!
No target in view!
An ogre comes into view. It is wielding a +0 giant spiked club.
An ogre is nearby!
An ogre is nearby!
You see here 3 gold pieces.
Found a pair of gloves.
The ogre hits you with a +0 giant spiked club!
You sock the ogre!
The ogre is heavily wounded.
The ogre hits you with a +0 giant spiked club!!
* * * LOW HITPOINT WARNING * * *
You are too injured to fight recklessly!
You are too injured to fight recklessly!
You are too injured to fight recklessly!
You are too injured to fight recklessly!
You hit the ogre but do no damage.
The ogre is heavily wounded.
The ogre hits you with a +0 giant spiked club!
* * * LOW HITPOINT WARNING * * *
You hit the ogre.
The ogre is severely wounded.
The ogre hits you with a +0 giant spiked club!!
You die...
Your body crumbles into a pile of gold.

##...#
<#..##..#
..##. ..##.
.Z.....# .
.... .... .
l##...##
.##...#...
.# .# .....
........##.#
.# .##.
#.........#
## .#
.........#
.#
##O......# .
#..@....#
#..#$$...#
#.. #.$...#
[.. #..$..#
#.###
#.....# .
....#..$..#
#.......#
##...$..#
#.##.###


You could see an ogre.

Vanquished Creatures
  A yak (D:5)
  A water moccasin (D:5)
  A phantom (D:2)
  Blork the orc (D:4)
  2 scorpions (D:5)
  A centaur zombie (D:5)
  A crimson imp (D:4)
  2 hounds (D:4)
  A centaur skeleton (D:5)
  2 orc priests
  Ijyb (D:5)
  3 orc wizards
  A scorpion zombie (D:5)
  A mummy (D:4)
  2 adders
  An ufetubus (D:4)
  An adder zombie (D:5)
  3 worms
  A dart slug (D:3)
  10 orcs
  6 ball pythons
  12 endoplasms
  2 giant cockroaches
  6 hobgoblins
  5 jackals
  A quokka (D:2)
  9 bats
  2 frilled lizards (D:3)
  3 goblins
  4 goblin skeletons (D:4)
  A goblin zombie (D:4)
  2 hobgoblin zombies (D:4)
  4 kobolds
  A kobold skeleton (D:4)
  2 orc skeletons (D:4)
  An orc zombie (D:4)
  2 rats
100 creatures vanquished.

Vanquished Creatures (others)
  5 toadstools (D:1)
5 creatures vanquished.

Grand Total: 105 creatures vanquished

Notes
Turn   | Place    | Note
-------+----------+-------------------------------------------
     0 | D:1      | hikkokomori the Formicid Fighter began the quest for the
                  | Orb.
     0 | D:1      | Reached XP level 1. HP: 18/18 MP: 1/1
   193 | D:1      | Reached XP level 2. HP: 24/24 MP: 2/2
   542 | D:1      | Reached XP level 3. HP: 29/30 MP: 3/3
  1175 | D:2      | Found a faded altar of an unknown god.
  1200 | D:2      | Prayed at the altar of an unknown god.
  1200 | D:2      | Became a worshipper of Gozag Ym Sagoz the Greedy
  1514 | D:3      | Noticed a phantom
  1532 | D:2      | Killed a phantom
  1533 | D:2      | Reached XP level 4. HP: 22/38 MP: 4/4
  1533 | D:2      | Reached XP level 5. HP: 25/43 MP: 5/5
  2418 | D:3      | Reached XP level 6. HP: 43/50 MP: 6/6
  2640 | D:3      | Reached skill level 5 in Fighting
  2808 | D:4      | Found a runed translucent door.
  2863 | D:4      | Reached skill level 5 in Armour
  2971 | D:4      | Found a snail-covered altar of Cheibriados.
  3138 | D:4      | Found a glowing golden altar of the Shining One.
  3143 | D:4      | Noticed Blork the orc
  3160 | D:4      | Killed Blork the orc
  3161 | D:4      | Reached XP level 7. HP: 37/56 MP: 7/7
  3643 | D:4      | Noticed themarg's ghost (amateur MfSu)
  3672 | D:4      | Found a glowing silver altar of Zin.
  3961 | D:5      | Entered Level 5 of the Dungeon
  3969 | D:5      | Noticed a komodo dragon
  3970 | D:5      | Noticed a yak
  4028 | D:5      | Noticed a water moccasin
  4332 | D:5      | Killed a water moccasin
  4338 | D:5      | Reached skill level 5 in Staves
  4560 | D:5      | Killed a yak
  4561 | D:5      | Reached XP level 8. HP: 34/65 MP: 8/8
  4696 | D:5      | Noticed Ijyb
  4711 | D:5      | Killed Ijyb
  5007 | D:5      | Mangled by an ogre

Illustrated notes

Levels and vault maps discovered:
D:1:      minmay_arrival_diagonal_passages, layout_basic,
          minmay_gold_behind_fungi, glass_columns_c
D:2:      layout_basic, hellmonk_ecumenical_altar_blasted, minmay_pentomino_u4
D:3:      layout_basic, minmay_close_crescents
D:4:      layout_basic, nicolae_tso_besieged_by_evil, slow_altar_1,
          zin_statuary, ebering_ghost_sewer_d, uniq_blork_the_orc
D:5:      minmay_octagon_keep, layout_basic, minmay_temple_entry_waves,
          minmay_manual_maat, uniq_ijyb

Skill      XL: |  1  2  3  4  5  6  7 |
---------------+----------------------+-----
Fighting       | 4 5 6 |  6.7
Staves         | 3 4 5 |  5.5
Armour         | 4 5 6 |  6.6
Shields        | |  3.7

Action                   |  1- 3 |  4- 6 |  7- 9 || total
-------------------------+-------+-------+-------++-------
Melee: Quarterstaff      |    98 |   157 |   139 ||   394
 Abil: Dig               |       |       |     6 ||     6
  Use: Scroll            |       |       |     4 ||     4
       Potion            |       |       |     1 ||     1
Armor: Scale mail        |    57 |    58 |    42 ||   157
Dodge: Dodged            |    49 |    56 |    54 ||   159
Block: Buckler           |    24 |    27 |    23 ||    74
